 Dungeon Crawl Stone Soup version 0.18.1-50-g88ac8fd (webtiles) character file.

165 wolfsongas the Cutter (level 5, -2/40 HPs)
             Began as a Minotaur Wanderer on May 1, 2017.
             Slain by an iguana (10 damage)
             ... on level 4 of the Dungeon.
             The game lasted 00:15:09 (2959 turns).

wolfsongas the Cutter (Minotaur Wanderer)           Turns: 2959, Time: 00:15:10

Health: -2/40      AC:  5    Str: 18    XL:     5   Next: 21%
Magic:  5/5        EV:  9    Int:  8    God:
Gold:   206        SH: 10    Dex: 10    Spells: 0 memorised, 6 levels left

rFire  . . .     SeeInvis .     s - +2 hand axe (elec)
rCold  . . .     Gourm    .     e - +0 ring mail
rNeg   . . .     Faith    .     a - +1 shield
rPois  .         Spirit   .     (helmet restricted)
rElec  .         Dismiss  .     (no cloak)
rCorr  .         Reflect  .     (no gloves)
SustAt .         Harm     .     (no boots)
MR     .....                    (no amulet)
Stlth  +.........               (no ring)
                                (no ring)

@: not resistant to hostile enchantments, very unstealthy
A: retaliatory headbutt, horns 2
a: no special abilities


You were on level 4 of the Dungeon.
You were not hungry.

You visited 1 branch of the dungeon, and saw 4 of its levels.

You collected 206 gold pieces.

Inventory:

Hand Weapons
 b - a +1 short sword
 n - a +0 long sword
 s - a +2 hand axe of electrocution (weapon)
 t - a +0 falchion
Missiles
 j - 4 javelins (quivered)
Armour
 a - a +1 shield (worn)
 d - a +0 robe
 e - a +0 ring mail (worn)
Magical Staves
 p - an uncursed staff of summoning
Wands
 g - a wand of iceblast (9/15)
 l - a wand of iceblast (6/15)
 m - a wand of slowing (0/48)
Scrolls
 c - 2 scrolls of teleportation
 i - 2 scrolls of noise
 k - 2 scrolls of identify
Potions
 h - a potion of lignification
 r - a potion of invisibility
 u - a potion of brilliance {unknown}
Comestibles
 f - 2 bread rations
 o - a beef jerky
 q - a meat ration


   Skills:
 + Level 1.3 Fighting
 + Level 5.4 Short Blades
 + Level 0.8 Armour
 + Level 2.5 Dodging
 + Level 1.0 Stealth
 + Level 3.8 Shields
 + Level 1.1 Spellcasting
   Level 1.0 Necromancy
   Level 1.0 Earth Magic


You had 6 spell levels left.
You didn't know any spells.

Dungeon Overview and Level Annotations

Branches:
Dungeon (4/15)
 Temple: D:4-7

Altars:
Dithmenos
Pakellas


Innate Abilities, Weirdness & Mutations

You reflexively headbutt those who attack you in melee.
You have a pair of horns on your head.


Message History

The orc priest calls down the wrath of Beogh upon you.
Beogh smites you! You block the orc priest's attack.
The orc wizard hits you but does no damage.
The orc barely misses you.
The orc priest hits you but does no damage.
The orc wizard casts a spell at you. You resist with some effort.
The orc priest mumbles some strange prayers to Beogh against you.
Beogh smites you!
* * * LOW HITPOINT WARNING * * *
There is an open door here.
You hear the slow hiss of a very distant avalanche of sand.
Your surroundings suddenly seem different.
Found 8 gold pieces.
An iguana comes into view.
The iguana bites you but does no damage.
You slash the iguana!
The iguana is heavily wounded.
The iguana bites you!
You die...

### #.. #.#
#.# #####.##
#.# #......#
#l###.###..#
#@.........#
#####.####.#
#.# #.# #.#
#.. #.# #$.


You could see an iguana.

Vanquished Creatures
  9 adders
  An ooze (D:2)
  2 dart slugs (D:1)
  2 giant geckos
  3 orcs (D:3)
  5 bats
  3 giant cockroaches
  11 goblins
  9 hobgoblins
  4 jackals (D:1)
  2 quokkas (D:2)
  3 ball pythons
  2 giant newts
  7 kobolds
  9 rats
  A plant (D:1)
73 creatures vanquished.

Notes
Turn   | Place    | Note
--------------------------------------------------------------
     0 | D:1      | wolfsongas the Minotaur Wanderer began the quest for the Orb.
     0 | D:1      | wolfsongas set off with: a +0 shield, a +0 short sword, a scroll of teleportation, a +0 robe, a bread ration
     0 | D:1      | Reached XP level 1. HP: 16/16 MP: 1/1
   221 | D:1      | Reached XP level 2. HP: 17/23 MP: 2/2
   645 | D:1      | Reached skill level 5 in Short Blades
   853 | D:1      | Reached XP level 3. HP: 24/28 MP: 3/3
  1358 | D:2      | Reached skill level 1 in Dodging
  1627 | D:2      | Found a shadowy altar of Dithmenos.
  1701 | D:2      | Reached XP level 4. HP: 27/35 MP: 4/4
  2041 | D:3      | HP: 2/52 [poisoned by an adder]
  2062 | D:3      | HP: 1/35 [adder (1)]
  2427 | D:3      | Found an oddly glowing altar of Pakellas.
  2526 | D:3      | Reached XP level 5. HP: 38/40 MP: 5/5
  2731 | D:3      | Reached skill level 1 in Stealth
  2959 | D:4      | Slain by an iguana

Skill      XL: |  1  2  3  4  5 |
---------------+----------------+-----
Short Blades   | 5 |  5.4
Shields        | 3 |  3.8
Dodging        | 1 2 |  2.5
Stealth        | 1 |  1.0
Fighting       | |  1.3
Armour         | |  0.8
Spellcasting   | |  1.1
Necromancy     | |  1.0
Earth Magic    | |  1.0

Action                   |  1- 3 |  4- 6 || total
-------------------------+-------+-------++-------
Melee: Short sword       |   156 |    83 ||   239
       Headbutt          |    26 |     9 ||    35
       Hand axe          |       |     5 ||     5
  Use: Scroll            |     6 |     5 ||    11
       Potion            |     2 |     3 ||     5
 Stab: Invisible         |       |     3 ||     3
  Eat: Beef jerky        |     1 |       ||     1
       Meat ration       |       |     1 ||     1
Armor: Robe              |    19 |       ||    19
       Skin              |       |    60 ||    60
       Ring mail         |       |    21 ||    21
Dodge: Dodged            |    40 |    35 ||    75
Block: Shield            |    66 |    81 ||   147
